 Dungeon Crawl Stone Soup version 0.27-a0-1188-g73eefd5def (webtiles) character file.

Game seed: 18050191593755291722

2506 porpoise the Poker (level 9, -3/71 HPs)
             Began as a Demonspawn Fighter on May 22, 2021.
             Was a Follower of Yredelemnul.
             Slain by an orc warrior
             ... wielding a +0 trident
              (26 damage)
             ... in a bailey.
             The game lasted 00:22:35 (8343 turns).

porpoise the Poker (Demonspawn Fighter)             Turns: 8343, Time: 00:22:35

Health: -3/71      AC: 14    Str: 19    XL:     9   Next: 28%
Magic:  11/11      EV:  7    Int: 10    God:    Yredelemnul [*.....]
Gold:   328        SH: 16    Dex: 13    Spells: 8/8 levels left

rFire    + . .     SeeInvis .   a - +1 trident
rCold    . . .     Faith    .   c - +1 kite shield
rNeg     + . .     Spirit   .   D - +0 chain mail
rPois    .         Reflect  +   s - +0 helmet
rElec    .         Harm     .   v - +0 cloak
rCorr    .         Rampage  .   (no gloves)
Will     .....                  (no boots)
Stlth    ..........             C - amulet of reflection
HPRegen  0.21/turn              e - ring of protection from fire
MPRegen  0.12/turn              l - ring of positive energy

@: no status effects
A: rugged brown scales 2, demonic guardian 2, spiny 1
a: Renounce Religion, Animate Remains


You were in a bailey.
You worshipped Yredelemnul.
Yredelemnul was aware of your devotion.
You visited 2 branches of the dungeon, and saw 9 of its levels.
You also visited: Bailey.

You collected 328 gold pieces.

Inventory:

Hand Weapons
 a - a +1 trident (weapon)
Missiles
 g - 278 stones
 j - 109 arrows
 o - 43 bolts
 p - a throwing net
 q - 12 poisoned darts
 r - 40 sling bullets
 t - 2 boomerangs (quivered)
Armour
 c - a +1 kite shield (worn)
 s - a +0 helmet (worn)
 v - a +0 cloak (worn)
 D - a +0 chain mail (worn)
Jewellery
 e - a ring of protection from fire (left hand)
 h - an amulet of the acrobat
 l - a ring of positive energy (right hand)
 w - an amulet of regeneration
 C - an amulet of reflection (around neck)
Wands
 E - a wand of paralysis (10)
Scrolls
 k - a scroll of enchant weapon
 n - a scroll of amnesia
 y - 2 scrolls of teleportation
Potions
 b - a potion of magic {unknown}
 d - a potion of might
 f - 5 potions of curing
 i - a potion of haste
 m - 2 potions of flight {unknown}
 u - a potion of lignification {unknown}
 x - a potion of invisibility {unknown}
 z - a potion of degeneration {unknown}
 A - 2 potions of mutation {unknown}
 B - a potion of berserk rage


   Skills:
 - Level 5.0 Fighting
 - Level 7.0 Polearms
 - Level 5.0 Armour
 - Level 5.0 Dodging
 - Level 5.0 Shields
 + Level 3.5 Invocations
 + Level 1.9 Evocations


You had 8 spell levels left.
You didn't know any spells.
Your spell library contained the following spells:

 Spells                   Type           Power      Damage    Failure   Level
 Animate Skeleton         Necr           0%         N/A       100%        1
 Apportation              Tloc           0%         N/A       100%        1
 Corona                   Hex            0%         N/A       100%        1
 Freeze                   Ice            0%         1d3       100%        1
 Summon Small Mammal      Summ           0%         N/A       100%        1
 Frozen Ramparts          Ice            0%         1d2       100%        3
 Ozocubu's Armour         Ice            0%         N/A       100%        3
 Hailstorm                Conj/Ice       0%         3d3       100%        4
 Metabolic Englaciation   Hex/Ice        0%         N/A       100%        5


Dungeon Overview and Level Annotations

Branches:
Dungeon (8/15)             Temple (1/1) D:4          Bailey (1/1)
   Lair: D:8-11

Altars:
Ashenzari
Cheibriados
Dithmenos
Elyvilon
Fedhas
Gozag
Kikubaaqudgha
Makhleb
Nemelex Xobeh
Okawaru
Qazlal
Ru
Sif Muna
Trog
Uskayaw
Vehumet
Wu Jian
Xom
Yredelemnul
Zin
The Shining One


Innate Abilities, Weirdness & Mutations

You are mostly covered in rugged brown scales. (AC +2, +5% HP)
A demonic guardian rushes to your aid.
You are partially covered in sharp spines.


Message History

Found two gates leading back out of this place.
There is a gate leading back out of this place here.
You start removing your amulet.
You continue taking off your amulet of regeneration. x2
Keep disrobing?
You continue taking off your amulet of regeneration.
The orc warrior hits you but does no damage.
You block the orc's attack.
You continue taking off your amulet of regeneration.
The orc warrior shouts!
You block the orc warrior's attack. The orc completely misses you.
You finish taking off your amulet of regeneration.
You start putting on your amulet.
You continue putting on your amulet of reflection.
The orc warrior hits you from afar with a +0 halberd!
Keep equipping yourself?
The orc warrior closely misses you.
You continue putting on your amulet of reflection.
The orc warrior hits you from afar with a +0 halberd.
You block the orc warrior's attack.
You continue putting on your amulet of reflection.
You block the orc warrior's attack. The orc warrior barely misses you.
You block the orc warrior's attack.
You continue putting on your amulet of reflection.
The orc warrior hits you from afar with a +0 halberd!!
You block the orc warrior's attack. The orc warrior closely misses you.
You continue putting on your amulet of reflection.
You block the orc warrior's attack. x2
The orc warrior hits you from afar with a +0 glaive!
You finish putting on your amulet of reflection.
You feel a shielding aura gather around you.
C - an amulet of reflection (around neck)
Okay, then.
Unknown command.
Okay, then.
Unknown command.
The orc warrior closely misses you.
The orc warrior hits you from afar with a +0 trident!!
You die...
Your body rises from the dead as a mindless zombie.

##### ##∩## ####
.....##...##....
.≈≈≈..#...#..≈≈≈
≈≈o≈≈.......≈≈o≈
≈.oo≈.......≈oo
≈≈o≈≈...o...≈≈o


#ooo# #.∩.# ##@## ### You could see 3 orc warriors and an orc.

Vanquished Creatures
  A yak (D:7)
  A steam dragon (D:5)
  A water moccasin (D:7)
  2 orc warriors
  A sky beast (D:5)
  An ogre (D:5)
  2 centaurs (D:7)
  A phantom (D:6)
  6 scorpions
  5 killer bees (D:8)
  A howler monkey (D:6)
  A centaur zombie (D:7)
  2 orc priests
  Crazy Yiuf (D:5)
  A jelly (D:7)
  A bullfrog skeleton (D:6)
  A centaur skeleton (D:7)
  An orc wizard (D:7)
  3 iguanas
  2 hound skeletons
  A gnoll (D:1)
  A howler monkey skeleton (D:5)
  10 adders
  A shadow imp (D:6)
  A white imp (D:7)
  2 worms (D:2)
  3 dart slugs
  17 orcs
  8 ball pythons
  A bat (D:1)
  3 endoplasms
  6 giant cockroaches
  9 goblins
  5 hobgoblins
  13 jackals
  7 quokkas
  3 frilled lizards
  8 kobolds
  28 rats
162 creatures vanquished.

Vanquished Creatures (collateral kills)
  4 yaks (D:7)
  2 orc priests (D:8)
  A hound (D:4)
  4 orcs
  A quokka (D:4)
12 creatures vanquished.

Vanquished Creatures (others)
  A centaur zombie (D:7)
  A killer bee zombie (D:8)
2 creatures vanquished.

Grand Total: 176 creatures vanquished

Notes
Turn   | Place    | Note
-------+----------+-------------------------------------------
     0 | D:1      | porpoise the Demonspawn Fighter began the quest for the
                  | Orb.
     0 | D:1      | Reached XP level 1. HP: 18/18 MP: 1/1
   338 | D:1      | Reached skill level 2 in Polearms
   465 | D:1      | Gained mutation: You are partially covered in rugged brown
                  | scales. (AC +1, +3% HP) [demonic ancestry]
   465 | D:1      | Reached XP level 2. HP: 17/24 MP: 2/2
  1071 | D:1      | Gained mutation: You are partially covered in sharp spines.
                  | [demonic ancestry]
  1071 | D:1      | Reached XP level 3. HP: 29/29 MP: 3/3
  1707 | D:2      | Reached skill level 3 in Polearms
  1978 | D:2      | Gained mutation: A weak demonic guardian rushes to your
                  | aid. [demonic ancestry]
  1978 | D:2      | Reached XP level 4. HP: 37/38 MP: 4/4
  2842 | D:3      | Gained mutation: You are mostly covered in rugged brown
                  | scales. (AC +2, +5% HP) [demonic ancestry]
  2842 | D:3      | Reached XP level 5. HP: 27/45 MP: 5/5
  3375 | D:3      | Found a faded altar of an unknown god.
  3755 | D:4      | Reached skill level 5 in Fighting
  3755 | D:4      | Reached skill level 4 in Polearms
  3842 | D:4      | Reached XP level 6. HP: 15/53 MP: 6/6
  4031 | D:4      | Found a staircase to the Ecumenical Temple.
  4040 | Temple   | Entered the Ecumenical Temple
  4738 | D:5      | Entered Level 5 of the Dungeon
  4801 | D:5      | Found a runed translucent door.
  4802 | D:5      | Noticed Crazy Yiuf
  4808 | D:5      | Killed Crazy Yiuf
  5015 | D:5      | Reached skill level 5 in Polearms
  5160 | D:5      | Reached XP level 7. HP: 58/58 MP: 7/7
  5336 | D:5      | Found a basalt altar of Yredelemnul.
  5345 | D:5      | Became a worshipper of Yredelemnul the Dark
  5627 | D:5      | Found a blossoming altar of Fedhas.
  6015 | D:6      | Noticed a steam dragon
  6144 | D:5      | Killed a steam dragon
  6145 | D:5      | Reached skill level 6 in Polearms
  6145 | D:5      | Reached skill level 5 in Armour
  6712 | D:6      | Reached skill level 1 in Dodging
  6720 | D:6      | Identified the +0 leather armour of Reason {Slay+5}
  6769 | D:6      | Gained mutation: A demonic guardian rushes to your aid.
                  | [demonic ancestry]
  6769 | D:6      | Reached XP level 8. HP: 65/65 MP: 8/8
  7360 | D:7      | Reached skill level 7 in Polearms
  7576 | D:7      | Reached * piety under Yredelemnul
  7689 | D:7      | Found a shadowy altar of Dithmenos.
  7781 | D:7      | Reached XP level 9. HP: 70/71 MP: 9/9
  7786 | D:7      | Reached skill level 5 in Dodging
  7956 | D:7      | Found a sacrificial altar of Ru.
  8077 | D:7      | Reached skill level 1 in Invocations
  8194 | D:8      | Reached skill level 5 in Shields
  8220 | D:8      | Reached skill level 1 in Evocations
  8317 | D:8      | Found a flagged portal.
  8329 | Bailey   | Entered a bailey
  8329 | Bailey   | Noticed an orc knight
  8330 | Bailey   | Noticed an orc knight
  8343 | Bailey   | Slain by an orc warrior

Illustrated notes

Levels and vault maps discovered:
D:1:      onia_arrival_mini_spirals, layout_basic
D:2:      layout_rooms, minmay_rat_hole
D:3:      layout_loops_cross, hellmonk_ecumenical_altar_zigzags
D:4:      layout_cave_pools, temple_statues, portal_sewer_entry_a
D:5:      layout_basic, yredelemnul_altar_generic, kennysheep_mini_moat,
          uniq_crazy_yiuf_cottage
D:6:      layout_rooms
D:7:      layout_loops_cross, general_overflow_altar,
          gammafunk_temple_overflow_pools
D:8:      layout_basic, nicolae_overflow_crystal_walls, enter_bailey_5,
          serial_shops, kennysheep_mini, uniq_pikel
Temple:   regret_index_temple_sphere_string
Bailey:   bailey_polearm_4, bailey

Skill      XL: |  1  2  3  4  5  6  7  8  9 |
---------------+----------------------------+-----
Polearms       | 2 3 4 5 6 7 |  7.0
Fighting       | 4 5 |  5.0
Armour         | 4 5 |  5.0
Dodging        | 1 4 5 |  5.0
Shields        | 4 5 |  5.0
Invocations    | 3 |  3.5
Evocations     | 1 |  1.9

Action                   |  1- 3 |  4- 6 |  7- 9 || total
-------------------------+-------+-------+-------++-------
Melee: Trident           |   107 |   206 |   224 ||   537
Throw: Dart              |       |       |     3 ||     3
       Boomerang         |       |       |     5 ||     5
Invok: Animate Remains   |       |       |     4 ||     4
  Use: Scroll            |       |     6 |     3 ||     9
       Potion            |       |       |     1 ||     1
Armor: Scale mail        |    38 |    56 |    45 ||   139
       Chain mail        |       |       |    67 ||    67
Dodge: Dodged            |    16 |    38 |    68 ||   122
Block: Kite shield       |    39 |    61 |   124 ||   224

Table legend: (Time is in decaauts)
 A = Elapsed time spent in this place.
 B = Non-inter-level travel time spent in this place.
 C = Inter-level travel time spent in this place.
 D = Time resting spent in this place.
 E = Time spent auto-exploring this place.
 F = Levels seen in this place.
 G = Mean time per level.
                   A        B        C        D        E       F      G
               +--------+--------+--------+--------+--------+-----+--------+
         Total |   8535 |   8278 |    257 |   3375 |   3351 |  10 |  853.5 |
       Dungeon |   8319 |   8070 |    249 |   3375 |   3158 |   8 | 1039.9 |
        Temple |    201 |    193 |      8 |      0 |    193 |   1 |  201.0 |
        Bailey |     13 |     13 |      0 |      0 |      0 |   1 |   13.0 |
               +--------+--------+--------+--------+--------+-----+--------+

Top non-repeatable levels by time:
     D:5: 1959 daAuts
     D:1: 1517 daAuts
     D:3: 1079 daAuts
     D:2: 1069 daAuts
     D:4: 983 daAuts
     D:7: 890 daAuts
     D:6: 633 daAuts
  Temple: 201 daAuts
     D:8: 185 daAuts
  Bailey: 13 daAuts
